 Dungeon Crawl Stone Soup version 0.23.1 (webtiles) character file.

Game seed: 5999686913728939480

22172 poirepourri the Peltast (level 12, 0/80 HPs)
             Began as a Gargoyle Fighter on Mar 1, 2019.
             Was a High Priest of Cheibriados.
             Engulfed by an ice statue's freezing vapour (38 damage)
             ... in an ice cave.
             The game lasted 00:12:06 (11673 turns).

poirepourri the Peltast (Gargoyle Fighter)         Turns: 11673, Time: 00:12:06

Health: 0/80       AC: 21    Str: 33    XL:     12   Next: 97%
Magic:  12/12      EV: 12    Int: 23    God:    Cheibriados [*****.]
Gold:   780        SH: 25    Dex: 29    Spells: 11/11 levels left

rFire    . . .     SeeInvis .   x - +2 morningstar (protect)
rCold    . . .     Gourm    .   c - +5 shield
rNeg     + . .     Faith    .   b - +0 scale mail
rPois    ∞         Spirit   .   z - +1 hat
rElec    +         Reflect  +   w - +1 cloak
rCorr    .         Harm     .   q - +0 pair of gloves
MR       +....                  p - +0 pair of boots
Stlth    +.........             n - +3 amulet of reflection
HPRegen  0.23/turn              o - +3 ring of dexterity
MPRegen  0.13/turn              d - ring of protection from magic

@: very slow
A: negative energy resistance 1, electricity resistance, unbreathing,
petrification resistance, rot immunity, AC +8
a: Bend Time, Temporal Distortion, Slouch, Step From Time, Renounce Religion


You were in an ice cave.
You worshipped Cheibriados.
Cheibriados was extremely pleased with you.
You were not hungry.

You visited 2 branches of the dungeon, and saw 13 of its levels.
You also visited: Ice Cave.

You collected 780 gold pieces.

Inventory:

Hand Weapons
 u - a +2 flail of holy wrath
 x - a +2 morningstar of protection (weapon)
Missiles
 g - 135 bolts
 h - 8 tomahawks (quivered)
 B - a throwing net
Armour
 b - a +0 scale mail (worn)
 c - a +5 shield (worn)
 p - a +0 pair of boots (worn)
 q - a +0 pair of gloves (worn)
 w - a +1 cloak (worn)
 z - a +1 hat (worn)
Jewellery
 d - a ring of protection from magic (right hand)
 m - an uncursed amulet of guardian spirit
 n - a +3 amulet of reflection (around neck)
 o - a +3 ring of dexterity (left hand)
 y - an uncursed amulet of magic regeneration
 C - an uncursed ring of protection from magic
Wands
 i - a wand of acid (7)
 s - a wand of enslavement (6)
 v - a wand of paralysis (1)
 D - a wand of iceblast (13)
 E - a wand of flame (13)
 H - a wand of polymorph (7)
Scrolls
 a - 2 scrolls of teleportation
 l - a scroll of fog
 t - a scroll of blinking
 F - a scroll of remove curse
Potions
 e - 8 potions of mutation
 j - 2 potions of brilliance
 k - a potion of magic
 G - a potion of might
 J - a potion of resistance
Comestibles
 f - 8 rations


   Skills:
 - Level 11.1 Fighting
 - Level 12.3 Maces & Flails
 - Level 3.2 Armour
 + Level 2.0 Dodging
 - Level 15.0 Shields


You had 11 spell levels left.
You didn't know any spells.
Your spell library contained the following spells:

 Spells                   Type           Power        Failure   Level  Hunger
 Freeze                   Ice            #...         30%         1    ##.....
 Throw Frost              Conj/Ice       #.....       41%         2    ###....
 Ozocubu's Armour         Chrm/Ice       #.......     65%         3    ####...
 Summon Ice Beast         Ice/Summ       #.......     96%         4    #####..
 Throw Icicle             Conj/Ice       #.......     96%         4    #####..


Dungeon Overview and Level Annotations

Branches:
Dungeon (12/15)            Temple (1/1) D:7            Lair (0/6) D:11
    Orc (0/2) D:11

Altars:
Ashenzari
Cheibriados
Dithmenos
Elyvilon
Fedhas
Gozag
Hepliaklqana
Kikubaaqudgha
Makhleb
Nemelex Xobeh
Okawaru
Qazlal
Ru
Sif Muna
Trog
Uskayaw
Vehumet
Wu Jian
Xom
Yredelemnul
Zin
The Shining One

Annotations:
IceCv exclusion: ice statue


Innate Abilities, Weirdness & Mutations

You are resistant to torment.
Your stone body is resilient. (AC +8)
You are immune to poison.
You resist negative energy. (rN+)
You are resistant to electric shocks. (rElec)
You can survive without breathing.
You are immune to petrification.
You are immune to rotting.


Message History

The ice beast is almost dead.
You block the ice beast's attack.
You bludgeon the ice beast!!
You kill the ice beast!
No target in view!
No target in view!
No target in view!
Really walk into a travel-excluded area?
The ice statue gestures. x2
The ice statue gestures at you.
The freezing blast engulfs the ice beast.
The ice beast completely resists.
You are engulfed in freezing vapours.
You block the ice beast's attack. x2
The ice beast hits you but does no damage.
You are engulfed in freezing vapours.
You block the ice beast's attack. x3
The ice statue gestures at you. The bolt of cold misses you.
The bolt of cold hits the ice beast.
The ice beast completely resists.
You are engulfed in freezing vapours.
You die...

##..# ##.## ##...#
#..# ##...## #..#
##....# ### ##.# ####
#.....# #.## #..#
###..####....###.8#
#..#
##...÷##....###..○##
##..#
†...#.......##...°Y##
#..##
...###......##..@Y.○##
#.## ..##
###...#.....##°○# ##.#
### ##........###.##
#..# #........## #..#
##.## ##.......# ##.#
#..# ##.....## #..##
##..# ##....# ##..#
#..## ##..## #..###..#
#### #..##..##


You could see an ice statue and 2 ice beasts.

Vanquished Creatures
  A frost giant (IceCv)
  A centaur warrior (D:10)
  3 two-headed ogres
  A cyclops (D:11)
  4 trolls
  15 polar bears (IceCv)
  2 hippogriffs
  A wyvern (D:6)
  Eustachio (D:4)
  A human (D:7)
  24 yaks
  A basilisk (D:11)
  4 hogs (D:7)
  3 hungry ghosts
  4 vampire mosquitoes (D:7)
  A water moccasin (D:5)
  Edmund (D:5)
  3 porcupines (D:11)
  Duvessa (D:5)
  13 ice beasts
  6 sky beasts
  A phantom (D:8)
  4 orc warriors
  An eye of draining (D:9)
  4 black bears (D:11)
  4 ogres
  10 wolves (IceCv)
  4 centaurs
  The ghost of sking99 the Insei, an amateur OpTm (D:3)
  3 crocodiles (D:11)
  7 bullfrogs
  A gnoll sergeant (D:11)
  Dowan (D:5)
  5 scorpions
  A water moccasin skeleton (D:4)
  4 killer bees (D:11)
  4 wights
  A bullfrog zombie (D:8)
  7 crimson imps
  A centaur zombie (D:11)
  The ghost of Hasart the Scratcher, a weakling FeTm (D:5)
  4 bullfrog skeletons
  9 hounds
  7 orc wizards
  11 orc priests
  6 jellies
  2 iguanas
  7 worker ants
  A killer bee zombie (D:9)
  A hound zombie (D:11)
  2 howler monkey zombies
  A worker ant zombie (D:5)
  13 adders
  4 gnolls (D:11)
  4 shadow imps
  3 oozes
  2 dart slugs
  3 leopard geckos
  57 orcs
  4 bats
  7 giant cockroaches
  11 goblins
  9 hobgoblins
  12 jackals
  11 kobolds
  10 quokkas
  3 ball pythons
  6 frilled lizards
  A leopard gecko zombie (D:8)
  A quokka skeleton (D:5)
  6 rats
374 creatures vanquished.

Vanquished Creatures (others)
  A wizard (D:7)
  A centaur (D:10)
  An orc priest (D:11)
  3 fungi (D:11)
  3 plants (D:11)
9 creatures vanquished.

Grand Total: 383 creatures vanquished

Notes
Turn   | Place    | Note
-------+----------+-------------------------------------------
     0 | D:1      | poirepourri the Gargoyle Fighter began the quest for the
                  | Orb.
     0 | D:1      | Reached XP level 1. HP: 14/14 MP: 1/1
   277 | D:1      | Reached XP level 2. HP: 11/19 MP: 2/2
   427 | D:1      | Reached XP level 3. HP: 18/23 MP: 3/3
   989 | D:2      | Found a white marble altar of Elyvilon.
  1142 | D:2      | Found a basalt altar of Yredelemnul.
  1230 | D:2      | Found a faded altar of an unknown god.
  1364 | D:2      | Reached XP level 4. HP: 27/28 MP: 4/4
  1466 | D:2      | Found a bloodstained altar of Trog.
  1466 | D:2      | Found a sparkling altar of Nemelex Xobeh.
  1466 | D:2      | Found a shimmering altar of Xom.
  1647 | D:2      | Found an ancient bone altar of Kikubaaqudgha.
  1647 | D:2      | Found an iron altar of Okawaru.
  2043 | D:3      | Found a runed translucent door.
  2044 | D:3      | Noticed a bullfrog
  2125 | D:3      | Reached skill level 5 in Maces & Flails
  2125 | D:3      | Reached XP level 5. HP: 31/32 MP: 5/5
  2332 | D:3      | Reached XP level 6. HP: 35/37 MP: 6/6
  2741 | D:3      | Noticed sking99's ghost (amateur OpTm)
  2769 | D:3      | Killed sking99's ghost
  2912 | D:4      | Noticed Eustachio
  2942 | D:4      | Killed Eustachio
  2942 | D:4      | Reached XP level 7. HP: 41/41 MP: 7/7
  3697 | D:5      | Entered Level 5 of the Dungeon
  3751 | D:5      | Found a runed translucent door.
  3751 | D:5      | Noticed Hasart's ghost (weakling FeTm)
  3797 | D:5      | Reached XP level 8. HP: 44/46 MP: 8/8
  3838 | D:5      | Killed Hasart's ghost
  3928 | D:5      | Noticed Edmund
  3956 | D:5      | Killed Edmund
  3988 | D:5      | Reached skill level 10 in Maces & Flails
  4047 | D:5      | Found an opulent altar of Gozag.
  4151 | D:5      | Noticed Duvessa
  4152 | D:5      | Noticed Dowan
  4160 | D:5      | Killed Duvessa
  4169 | D:5      | Killed Dowan
  4505 | D:6      | Reached XP level 9. HP: 48/51 MP: 9/9
  4708 | D:6      | Found a stormy altar of Qazlal.
  5584 | D:7      | Found a bloodstained altar of Trog.
  5595 | D:7      | Reached skill level 5 in Fighting
  5907 | D:7      | Found a blossoming altar of Fedhas.
  5938 | D:7      | Reached XP level 10. HP: 46/63 MP: 10/10
  6167 | D:7      | Found a staircase to the Ecumenical Temple.
  6298 | Temple   | Entered the Ecumenical Temple
  6357 | Temple   | Became a worshipper of Cheibriados the Contemplative
  6415 | D:7      | Noticed a wizard
  6418 | D:7      | Killed a wizard
  6705 | D:8      | Found a hazy altar of Hepliaklqana.
  6725 | D:8      | Reached skill level 10 in Fighting
  6906 | D:8      | Identified a scroll of acquirement
  6989 | D:8      | Reached * piety under Cheibriados
  7036 | D:8      | Found an ornate altar of the Wu Jian Council.
  7598 | D:9      | Reached skill level 4 in Shields
  7670 | D:9      | Reached skill level 5 in Shields
  7675 | D:9      | Reached ** piety under Cheibriados
  7675 | D:9      | Reached XP level 11. HP: 58/74 MP: 11/11
  7772 | D:9      | Found a shadowy altar of Dithmenos.
  7865 | D:9      | Reached skill level 6 in Shields
  8214 | D:10     | Entered Level 10 of the Dungeon
  8260 | D:10     | Noticed a two-headed ogre
  8271 | D:10     | Killed a two-headed ogre
  8271 | D:10     | Reached skill level 7 in Shields
  8282 | D:10     | Reached skill level 8 in Shields
  8490 | D:10     | Noticed a centaur warrior
  8502 | D:10     | Killed a centaur warrior
  8502 | D:10     | Reached skill level 9 in Shields
  8938 | D:11     | Found a staircase to the Orcish Mines.
  9079 | D:11     | Reached *** piety under Cheibriados
  9259 | D:11     | Reached skill level 10 in Shields
  9450 | D:11     | Found a staircase to the Lair.
  9450 | D:11     | Noticed a cyclops
  9463 | D:11     | Killed a cyclops
  9517 | D:11     | Noticed a two-headed ogre
  9538 | D:11     | Reached skill level 11 in Shields
  9585 | D:11     | Killed a two-headed ogre
  9622 | D:11     | Reached **** piety under Cheibriados
  9622 | D:11     | Reached XP level 12. HP: 73/80 MP: 12/12
  9699 | D:11     | Noticed a two-headed ogre
  9716 | D:11     | Killed a two-headed ogre
  9716 | D:11     | Reached skill level 12 in Shields
 10053 | D:12     | Reached ***** piety under Cheibriados
 10066 | D:12     | Found a frozen archway.
 10074 | D:12     | Reached skill level 13 in Shields
 10103 | IceCv    | Entered an ice cave
 10209 | IceCv    | Reached skill level 14 in Shields
 10850 | IceCv    | Noticed a frost giant
 10880 | IceCv    | Killed a frost giant
 11351 | IceCv    | Reached skill level 15 in Shields
 11446 | IceCv    | Reached skill level 1 in Dodging
 11673 | IceCv    | Engulfed by an ice statue's freezing vapour

Skill      XL: |  1  2  3  4  5  6  7  8  9 10 11 12 |
---------------+-------------------------------------+-----
Maces & Flails | 3 4 5 6 7 9 11 12 | 12.3
Fighting       | 7 11 | 11.1
Shields        | 5 11 15 | 15.0
Dodging        | 2 |  2.0
Armour         | |  3.2

Action                   |  1- 3 |  4- 6 |  7- 9 | 10-12 || total
-------------------------+-------+-------+-------+-------++-------
Melee: Flail             |   132 |   170 |   329 |       ||   631
       Morningstar       |       |       |    88 |   865 ||   953
Invok: Slouch            |       |       |       |     1 ||     1
Evoke: Wand              |       |       |     3 |     3 ||     6
  Use: Scroll            |     5 |     5 |     8 |    13 ||    31
       Potion            |       |     5 |     5 |     6 ||    16
 Stab: Paralysed         |       |       |     6 |     6 ||    12
  Eat: Ration            |     1 |     1 |     3 |     8 ||    13
Armor: Scale mail        |    85 |   111 |    11 |   256 ||   463
       Ring mail         |       |       |   116 |   141 ||   257
Dodge: Dodged            |    53 |    64 |    96 |   220 ||   433
Block: Shield            |   101 |   172 |   306 |  1027 ||  1606
       Reflection        |       |       |     7 |    13 ||    20
